 Dungeon Crawl Stone Soup version 0.27-a0-1177-g245c70e1c0 (webtiles) character file.

Game seed: 5390171451314755217

470 polve the Cleaver (level 6, -14/55 HPs)
             Began as a Deep Dwarf Fighter on May 16, 2021.
             Demolished by an ogre
             ... wielding a +0 giant club
              (18 damage)
             ... on level 4 of the Dungeon.
             The game lasted 00:03:31 (2122 turns).

polve the Cleaver (Deep Dwarf Fighter)              Turns: 2122, Time: 00:03:32

Health: -14/55     AC: 13    Str: 21    XL:     6   Next: 82%
Magic:  4/4        EV:  5    Int:  9    God:
Gold:   136        SH:  9    Dex: 12    Spells: 5/5 levels left

rFire    . . .     SeeInvis .   a - +0 war axe
rCold    . . .     Faith    .   c - +0 kite shield
rNeg     . . .     Spirit   .   r - +0 chain mail
rPois    .         Reflect  .   (no helmet)
rElec    .         Harm     .   v - +2 cloak
rCorr    .         Rampage  .   (no gloves)
Will     .....                  t - +0 pair of boots
Stlth    ..........             (no amulet)
HPRegen  0.00/turn              (no ring)
MPRegen  0.09/turn              (no ring)

@: no status effects
A: damage resistance, heal wounds, sense surroundings 1, no regeneration
a: Heal Wounds


You were on level 4 of the Dungeon.
You visited 1 branch of the dungeon, and saw 4 of its levels.

You collected 136 gold pieces.

Inventory:

Hand Weapons
 a - a +0 war axe (weapon)
Missiles
 b - 5 atropa-tipped darts
Armour
 c - a +0 kite shield (worn)
 r - a +0 chain mail (worn)
 t - a +0 pair of boots (worn)
 v - a +2 cloak (worn)
Wands
 s - a wand of polymorph (7)
Scrolls
 g - 6 scrolls of identify {unknown}
 h - a scroll of noise {unknown}
 k - a scroll of silence {unknown}
 m - a scroll of acquirement {unknown}
 n - 5 scrolls of teleportation {unknown}
Potions
 d - 2 potions of might
 e - 3 potions of berserk rage {unknown}
 f - a potion of cancellation {unknown}
 i - a potion of lignification {unknown}
 l - a potion of invisibility {unknown}
 o - a potion of flight {unknown}
 p - a potion of heal wounds {unknown}
 q - a potion of ambrosia {unknown}
 u - a potion of curing {unknown}


   Skills:
 - Level 2.6 Fighting
 + Level 8.2 Axes
 - Level 3.2 Armour
 - Level 3.2 Shields


You had 5 spell levels left.
You didn't know any spells.
Your spell library contained the following spells:

 Spells                   Type           Power      Damage    Failure   Level
 Animate Skeleton         Necr           0%         N/A       100%        1
 Pain                     Necr           0%         1d4       100%        1
 Summon Small Mammal      Summ           0%         N/A       100%        1
 Call Imp                 Summ           0%         N/A       100%        2
 Call Canine Familiar     Summ           0%         N/A       100%        3
 Summon Guardian Golem    Hex/Summ       0%         N/A       100%        3
 Vampiric Draining        Necr           0%         2d6       100%        3
 Animate Dead             Necr           0%         N/A       100%        4
 Summon Ice Beast         Ice/Summ       0%         N/A       100%        4
 Summon Lightning Spire   Summ/Air       0%         N/A       100%        4
 Agony                    Necr           0%         N/A       100%        5


Dungeon Overview and Level Annotations

Branches:
Dungeon (4/15)
 Temple: D:4-7

Altars:
Gozag
Okawaru
Ru


Innate Abilities, Weirdness & Mutations

You are resistant to damage.
You can heal yourself by infusing magical energy.
You passively map a small area around you.
You do not regenerate.


Message History

You hit the black bear.
The black bear is almost dead.
The black bear bites you but does no damage.
The black bear barely misses you.
The black bear claws you but does no damage.
You block the black bear's attack.
The black bear claws you but does no damage.
You block the black bear's attack.
You slash the black bear!
You kill the black bear!
Your Axes skill increases to level 8!
An ogre comes into view. It is wielding a +0 giant club.
The ogre shouts!
An ogre is nearby!
An ogre is nearby!
An ogre is nearby!
You see here a +0 pair of gloves.
The ogre hits you with a +0 giant club!
A hobgoblin comes into view.
Found 18 stones and a hardcover book.
The hobgoblin shouts!
You hit the ogre but do no damage. The ogre barely misses you.
You slash the ogre!
The ogre is heavily wounded.
You block the ogre's attack.
You hit the ogre.
The ogre is severely wounded.
The ogre hits you with a +0 giant club!
* * * LOW HITPOINT WARNING * * *
Your shield prevents you from hitting the ogre.
The ogre is severely wounded.
The ogre barely misses you.
You barely miss the ogre.
The ogre is severely wounded.
The ogre hits you with a +0 giant club!
* * * LOW HITPOINT WARNING * * *
You block the hobgoblin's attack.
You fail to use your ability.
The ogre hits you with a +0 giant club!!
You die...

, ,
#..:........
#####
(.........#
##....
#.........
#.....
#........#*
#.....
*#.......#
#....
#......#
#....
#...Og#*
#.... ,
###.##@#
##...
#....[###
#... ,
#...###...###
##.. , ,.
###...####
#.. , ,
####...###
##. , , ,,
###...#### ##
* , , , ,
####...#####
, , , , *
###...##. , ,
####...


You could see an ogre and a hobgoblin.

Vanquished Creatures
  A black bear (D:4)
  An ogre (D:4)
  A kobold brigand (D:2)
  A scorpion (D:4)
  Jessica (D:3)
  7 adders
  A worm (D:3)
  3 dart slugs
  An orc (D:3)
  7 ball pythons
  3 endoplasms
  4 giant cockroaches (D:1)
  5 goblins
  7 hobgoblins
  8 jackals
  2 quokkas (D:1)
  5 bats
  4 frilled lizards
  5 kobolds
  5 rats
72 creatures vanquished.

Notes
Turn   | Place    | Note
-------+----------+-------------------------------------------
     0 | D:1      | polve the Deep Dwarf Fighter began the quest for the Orb.
     0 | D:1      | Reached XP level 1. HP: 20/20 MP: 1/1
   127 | D:1      | Reached skill level 3 in Axes
   127 | D:1      | Reached XP level 2. HP: 24/27 MP: 2/2
   309 | D:1      | Reached XP level 3. HP: 24/33 MP: 3/3
   312 | D:1      | Reached skill level 4 in Axes
   479 | D:2      | Noticed a kobold brigand
   497 | D:2      | HP: 1/33 [poisoned by a kobold brigand]
   501 | D:2      | Killed a kobold brigand
   502 | D:2      | Reached skill level 5 in Axes
   502 | D:2      | Reached XP level 4. HP: 16/40 MP: 3/3
   599 | D:2      | Found an iron altar of Okawaru.
   747 | D:2      | Reached XP level 5. HP: 31/46 MP: 4/4
   760 | D:2      | Found a faded altar of an unknown god.
  1125 | D:3      | Reached skill level 6 in Axes
  1860 | D:3      | Found a sacrificial altar of Ru.
  1903 | D:3      | Noticed Jessica
  1919 | D:3      | Killed Jessica
  2000 | D:4      | Noticed an ogre
  2010 | D:4      | Killed an ogre
  2011 | D:4      | Reached skill level 7 in Axes
  2011 | D:4      | Reached XP level 6. HP: 5/55 MP: 5/5
  2059 | D:4      | Found an opulent altar of Gozag.
  2082 | D:4      | Reached skill level 8 in Axes
  2122 | D:4      | Demolished by an ogre

Illustrated notes

Levels and vault maps discovered:
D:1:      sevenhm_arrival_forest_fort_small_6, layout_rooms, minmay_pentomino_q2
D:2:      layout_rooms, basic_altar, ebering_ecumenical_altar_sacrificial
D:3:      layout_loops_ring, lemuel_doored_altar, minmay_snake_closets,
          uniq_jessica
D:4:      layout_cave_pods, kennysheep_mini, gammafunk_temple_overflow_statue,
          minmay_goblin_outpost

Skill      XL: |  1  2  3  4  5  6 |
---------------+-------------------+-----
Axes           | 3 5 7 8 |  8.2
Fighting       | |  2.6
Armour         | |  3.2
Shields        | |  3.2

Action                   |  1- 3 |  4- 6 || total
-------------------------+-------+-------++-------
Melee: War axe           |    78 |   172 ||   250
 Abil: Heal Wounds       |     1 |     4 ||     5
Armor: Scale mail        |    56 |    91 ||   147
       Chain mail        |       |    55 ||    55
Dodge: Dodged            |    31 |    92 ||   123
Block: Kite shield       |    53 |   167 ||   220

Table legend: (Time is in decaauts)
 A = Elapsed time spent in this place.
 B = Non-inter-level travel time spent in this place.
 C = Inter-level travel time spent in this place.
 D = Time resting spent in this place.
 E = Time spent auto-exploring this place.
 F = Levels seen in this place.
 G = Mean time per level.
                   A        B        C        D        E       F      G
               +--------+--------+--------+--------+--------+-----+--------+
         Total |   2263 |   2147 |    116 |      0 |   1298 |   4 |  565.8 |
       Dungeon |   2263 |   2147 |    116 |      0 |   1298 |   4 |  565.8 |
               +--------+--------+--------+--------+--------+-----+--------+

Top non-repeatable levels by time:
     D:3: 993 daAuts
     D:2: 603 daAuts
     D:1: 509 daAuts
     D:4: 156 daAuts
